 Dungeon Crawl Stone Soup version 0.23-a0-481-g60b89c1 (webtiles) character file.

1236 zishaf the Stinger (level 8, -3/46 HPs)
             Began as an Octopode Venom Mage on Nov 30, 2018.
             Slain by a mummy (9 damage)
             ... on level 6 of the Dungeon.
             The game lasted 00:27:53 (7609 turns).

zishaf the Stinger (Octopode Venom Mage)            Turns: 7609, Time: 00:27:53

Health: -3/46      AC:  1    Str:  8    XL:     8   Next: 49%
Magic:  12/14      EV: 16    Int: 19    God:
Gold:   280        SH:  0    Dex: 12    Spells: 7/15 levels left

rFire    . . .     SeeInvis .   o - +0 dagger (holy)
rCold    . . .     Gourm    .   (no shield)
rNeg     . . .     Faith    .   (helmet restricted)
rPois    .         Spirit   .   (no amulet)
rElec    .         Reflect  .   (no ring)
rCorr    .         Harm     .   (no ring)
MR       .....                  (no ring)
Stlth    ++++......             (no ring)
HPRegen  0.15/turn              (no ring)
MPRegen  0.14/turn              (no ring)
                                (no ring)
                                (no ring)

@: no status effects
A: almost no armour, stealthy swim, amphibious, 8 rings, constrict 8, camouflage
1, gelatinous body 1
a: no special abilities


You were on level 6 of the Dungeon.
You were hungry.

You visited 1 branch of the dungeon, and saw 6 of its levels.
You also visited: Ossuary.

You collected 280 gold pieces.

Inventory:

Hand Weapons
 a - a +0 short sword
 b - a +0 blowgun
 o - a +0 dagger of holy wrath (weapon)
Missiles
 f - 147 stones (quivered)
 g - 29 poisoned needles
 n - 33 sling bullets
Scrolls
 d - a scroll of blinking
 e - 2 scrolls of immolation
 i - 3 scrolls of teleportation
 q - 2 scrolls of enchant armour
 u - a scroll of enchant weapon
Potions
 c - 3 potions of might
 h - 2 potions of lignification
 k - a potion of magic
 l - a potion of heal wounds
 m - 3 potions of curing
 r - a potion of brilliance
 s - a potion of mutation
 w - a potion of degeneration {unknown}
Comestibles
 j - 9 rations


   Skills:
 + Level 5.7 Dodging
 - Level 6.0 Stealth
 + Level 4.0 Spellcasting
 - Level 3.0 Conjurations
 + Level 0.2 Summonings
 + Level 0.2 Necromancy
 - Level 3.1 Air Magic
 - Level 6.1 Poison Magic


You had 7 spell levels left.
You knew the following spells:

 Your Spells              Type           Power        Failure   Level  Hunger
a - Sting                 Conj/Pois      ###.         1%          1    None
b - Poisonous Vapours     Pois/Air       ###...       3%          2    ##.....
c - Mephitic Cloud        Conj/Pois/Air  ###.....     8%          3    ###....
d - Animate Skeleton      Necr           N/A          13%         1    None
e - Summon Small Mammal   Summ           #...         13%         1    None

Your spell library contained the following spells:

 Spells                   Type           Power        Failure   Level  Hunger
 Olgreb's Toxic Radiance  Pois           ####....     11%         4    ####...
 Apportation              Tloc           #.....       14%         1    None
 Confusing Touch          Hex            #.....       14%         1    None
 Venom Bolt               Conj/Pois      ###.......   50%         5    ######.


Dungeon Overview and Level Annotations

Branches:
Dungeon (6/15)
 Temple: D:4-7

Altars:
Hepliaklqana
Kikubaaqudgha
Nemelex Xobeh
Vehumet
Xom

Shops:
D:6 *

Annotations:
D:4 Menkaure


Innate Abilities, Weirdness & Mutations

You cannot wear most types of armour.
You are very stealthy in the water. (Stealth+)
You are amphibious.
You can wear up to eight rings at the same time.
You can use your tentacles to constrict eight enemies at once.
Your skin changes colour to match your surroundings (Stealth+).
Your rubbery body absorbs attacks. (AC +1, EV +1)


Message History

You constrict the mummy, but do no damage.
The mummy closely misses you. The mummy misses you.
You hit the mummy but do no damage.
The mummy is severely damaged.
You constrict the mummy. The mummy hits you.
You hit the mummy but do no damage.
The mummy is almost destroyed.
You constrict the mummy.
You destroy the mummy!
You barely miss the mummy. You grab the mummy.
The mummy is lightly damaged.
You constrict the mummy. The mummy hits you!
* * * LOW HITPOINT WARNING * * *
You hit the mummy but do no damage.
The mummy is lightly damaged.
You constrict the mummy. You hit the mummy but do no damage.
You squeeze the mummy.
The mummy is heavily damaged.
You constrict the mummy. The mummy hits you!
You die...

*,,,,* *,, **,,** *,,
*,,,* **,, **###,,,*
**,,, *...#.,****,,,,
*##.....,***,,,**
#####.......,,,,,****
##.......#**...,,,,,,,
###....@..#*#.....,,,,*,
##..[..M..## #....,**..*,
#......#..####...,,*#..,,
###..#.#####....#,.#..#,,
####.####.#..#..##....#,*
#>..÷...#....#...#....#**
#...##...............#*_+
#..#*#...##....∩....#*###
#..#......#.......#.##...


You could see a mummy.

Vanquished Creatures
  Sigmund (D:2)
  A sky beast (D:5)
  2 ogres
  A centaur (D:5)
  Blork the orc (D:4)
  A scorpion (D:5)
  A howler monkey (D:5)
  2 crimson imps
  A bullfrog zombie (D:5)
  A centaur skeleton (D:5)
  An orc wizard (D:4)
  Natasha (thrice) (D:4)
  3 worker ants
  2 mummies
  7 adders
  5 gnolls
  An adder skeleton (D:4)
  5 worms
  2 dart slugs
  2 leopard geckos
  19 orcs
  5 bats
  A bat zombie (D:5)
  7 giant cockroaches
  2 gnoll zombies (Ossuary)
  10 goblins
  8 hobgoblins
  6 jackals
  3 quokkas
  6 frilled lizards
  A goblin zombie (D:6)
  7 kobolds
  4 kobold zombies (Ossuary)
  A leopard gecko skeleton (D:4)
  An orc zombie (Ossuary)
  6 rats
  4 rat zombies
134 creatures vanquished.

Vanquished Creatures (others)
  4 toadstools (D:3)
4 creatures vanquished.

Grand Total: 138 creatures vanquished

Notes
Turn   | Place    | Note
-------+----------+-------------------------------------------
     0 | D:1      | zishaf the Octopode Venom Mage began the quest for the Orb.
     0 | D:1      | Reached XP level 1. HP: 11/11 MP: 3/3
   205 | D:1      | Reached XP level 2. HP: 17/17 MP: 3/5
   365 | D:1      | Found a shimmering altar of Xom.
  1051 | D:1      | Learned a level 2 spell: Poisonous Vapours
  1144 | D:2      | Reached XP level 3. HP: 3/21 MP: 1/6
  1506 | D:2      | Learned a level 3 spell: Mephitic Cloud
  1753 | D:2      | Reached XP level 4. HP: 27/27 MP: 3/7
  2222 | D:2      | Noticed Sigmund
  2235 | D:2      | Killed Sigmund
  2235 | D:2      | Reached skill level 5 in Poison Magic
  2235 | D:2      | Reached XP level 5. HP: 31/31 MP: 1/10
  2235 | D:2      | Reached XP level 6. HP: 36/36 MP: 1/11
  3165 | D:2      | Found a hazy altar of Hepliaklqana.
  3426 | D:3      | Found a radiant altar of Vehumet.
  4019 | D:4      | Reached skill level 1 in Air Magic
  4164 | D:4      | Noticed Natasha
  4169 | D:4      | Killed Natasha
  4169 | D:4      | Reached XP level 7. HP: 41/41 MP: 7/12
  4448 | D:4      | Noticed Menkaure
  4523 | D:4      | Noticed Natasha
  4531 | D:4      | Killed Natasha
  4737 | D:4      | Noticed Blork the orc
  4756 | D:4      | Killed Blork the orc
  4756 | D:4      | Reached skill level 5 in Stealth
  4900 | D:4      | Noticed Natasha
  4910 | D:4      | Killed Natasha
  5283 | D:5      | Entered Level 5 of the Dungeon
  5896 | D:5      | Reached skill level 5 in Dodging
  6104 | D:5      | Reached XP level 8. HP: 46/46 MP: 7/14
  6351 | D:5      | Found an ancient bone altar of Kikubaaqudgha.
  6752 | D:5      | Found a sparkling altar of Nemelex Xobeh.
  7238 | D:6      | Found Liuhen's Luxury Loot.
  7265 | D:6      | Found a sand-covered staircase.
  7273 | Ossuary  | Entered an ossuary
  7276 | Ossuary  | Learned a level 1 spell: Animate Skeleton
  7328 | Ossuary  | Learned a level 1 spell: Summon Small Mammal
  7609 | D:6      | Slain by a mummy

Vault maps used:
D:1:      tarquinn_simple_flora_water_f, kennysheep_flooded_box
D:2:      lemuel_upstairs_altar, first_ration, uniq_sigmund
D:3:      vehumet_crystals, minmay_gold_behind_fungi
D:4:      minmay_joined_circles, uniq_natasha, uniq_blork_the_orc, uniq_menkaure
D:5:      nemelex_xobeh_ov_fountains_minmay, lemuel_zombie_altar_kikubaaqudgha,
          hangedman_decor_growths
D:6:      kennysheep_mini, enter_ossuary_3, grunt_ministairs_6,
          nicolae_alphabet_shops, nicolae_qazlal_eye_of_the_storm
Ossuary:  ossuary_tomb_3

Skill      XL: |  1  2  3  4  5  6  7  8 |
---------------+-------------------------+-----
Poison Magic   | 4 5 6 |  6.1
Stealth        | 3 4 5 6 |  6.0
Dodging        | 3 4 5 |  5.7
Spellcasting   | 3 4 |  4.0
Air Magic      | 1 2 3 |  3.1
Conjurations   | 2 3 |  3.0
Summonings     | |  0.2
Necromancy     | |  0.2

Action                   |  1- 3 |  4- 6 |  7- 9 || total
-------------------------+-------+-------+-------++-------
Melee: Unarmed           |     3 |       |       ||     3
       Constrict         |    10 |    17 |    28 ||    55
       Tentacles         |     3 |     8 |    22 ||    33
       Short sword       |    24 |    56 |    24 ||   104
       Dagger            |       |       |    94 ||    94
 Fire: Blowgun           |       |     1 |       ||     1
Throw: Stone             |     2 |     8 |     3 ||    13
 Cast: Sting             |    32 |    14 |       ||    46
       Poisonous Vapours |     6 |    31 |    70 ||   107
       Mephitic Cloud    |     1 |     3 |     3 ||     7
       Summon Small Mamm |       |       |     5 ||     5
Evoke: Wand              |       |       |    13 ||    13
  Use: Scroll            |       |     7 |     8 ||    15
 Stab: Sleeping          |     1 |     1 |     3 ||     5
       Confused          |       |     2 |       ||     2
  Eat: Chunk             |     3 |     9 |     9 ||    21
       Ration            |       |       |     1 ||     1
Armor: Skin              |     2 |     3 |    10 ||    15
Dodge: Dodged            |    19 |    39 |   106 ||   164

Table legend:
 A = Non-vault XP
 B = Vault XP
 C = Vault XP percentage of total XP
 D = Non-vault monster count
 E = Vault monster count
 F = Vault count percentage of total count
                 A         B        C        D         E       F
            +---------+---------+-------+---------+---------+-------
      Total |    1326 |     441 |  25.0 |     111 |      23 |  17.2
            +---------+---------+-------+---------+---------+-------
        D:1 |      26 |       0 |   0.0 |      15 |       0 |   0.0
        D:2 |      78 |     227 |  74.4 |      26 |       1 |   3.7
        D:3 |     119 |       0 |   0.0 |      25 |       0 |   0.0
        D:4 |     342 |     151 |  30.6 |      23 |       5 |  17.9
        D:5 |     722 |      21 |   2.8 |      20 |       6 |  23.1
        D:6 |      39 |      18 |  31.6 |       2 |       3 |  60.0
    Ossuary |       0 |      24 | 100.0 |       0 |       8 | 100.0
            +---------+---------+-------+---------+---------+-------
